 Dungeon Crawl Stone Soup version 0.22-a0-480-g991dd4b (webtiles) character file.

169 Darkshadow the Chopper (level 5, -26/48 HPs)
             Began as a Hill Orc Monk on June 14, 2018.
             Was a Believer of Beogh.
             Killed from afar by a hobgoblin (27 damage)
             ... with an exploding inner flame
             ... led by Robin
             ... hexed by the player character
             ... on level 3 of the Dungeon.
             The game lasted 00:14:37 (3508 turns).

Darkshadow the Chopper (Hill Orc Monk)              Turns: 3508, Time: 00:14:37

Health: -26/48     AC:  9    Str: 15    XL:     5   Next: 50%
Magic:  5/5        EV:  7    Int: 15    God:    Beogh [**....]
Gold:   97         SH:  0    Dex: 13    Spells: 4/4 levels left

rFire    . . .     SeeInvis .   a - +0 hand axe
rCold    . . .     Gourm    .   (no shield)
rNeg     . . .     Faith    .   d - +1 chain mail
rPois    .         Spirit   .   (no helmet)
rElec    .         Reflect  .   (no cloak)
rCorr    .         Harm     .   (no gloves)
MR       .....                  (no boots)
Stlth    ..........             (no amulet)
HPRegen  0.16/turn              (no ring)
MPRegen  0.09/turn              (no ring)

@: brilliant
A: no striking features
a: Smiting, Renounce Religion


You were on level 3 of the Dungeon.
You worshipped Beogh.
Beogh was pleased with you.
You were very hungry.

You visited 1 branch of the dungeon, and saw 3 of its levels.

You collected 97 gold pieces.

Inventory:

Hand Weapons
 a - a +0 hand axe (weapon)
Missiles
 e - 45 sling bullets (quivered)
Armour
 b - a +0 robe
 d - a +1 chain mail (worn)
Jewellery
 k - a +2 ring of slaying {unknown}
Wands
 l - a wand of enslavement (8)
 q - a wand of digging (12)
Scrolls
 f - 2 scrolls of enchant armour
 g - 2 scrolls of remove curse {@r2}
 j - 2 scrolls of identify {@r1}
Potions
 h - 2 potions of haste
 i - a potion of might {unknown}
 m - a potion of brilliance
 o - 2 potions of agility {unknown}
 r - a potion of heal wounds {unknown}
Comestibles
 c - 13 rations


   Skills:
 + Level 5.1 Fighting
 * Level 6.9 Axes
 - Level 2.4 Dodging
 - Level 1.6 Stealth


You had 4 spell levels left.
You didn't know any spells.
Your spell library was empty.

Dungeon Overview and Level Annotations

Branches:
Dungeon (3/15)

Altars:

Annotations:
D:2 exclusion: downstairs
D:3 Robin, Sigmund


Message History

Sigmund hits you from afar with a scythe!
* * * LOW HITPOINT WARNING * * *
The hobgoblin barely misses you.
As you read the scroll labeled LAILOLYWUC, it crumbles to dust.
The creatures around you are filled with an inner flame!
It was a scroll of immolation.
It was a potion of brilliance.
You feel clever all of a sudden. The hobgoblin barely misses you.
Sigmund hits you from afar with a scythe!
* * * LOW HITPOINT WARNING * * *
You hit the hobgoblin.
The hobgoblin is almost dead.
The hobgoblin hits you but does no damage.
Sigmund hits you but does no damage.
You hit the hobgoblin.
The hobgoblin explodes!
The fiery explosion engulfs you!
Ouch! That really hurt!
You die...

*,* *,,,,*,,,,*
*,,,,,* *,*
*.##.#.g..# **...#*
*,* *.*#.#....#
*,..##
*,**##.*#.#g...*
*,.%..
*,,,...,......,*
**#.>.
****#@#*#...#####
#... #.# #.g.....#
#... #@###gg.....#
#...
#..@§gg.....#####<..
#####g##............
#.#####.###.....
##'#####.# #.....
#......#.# #.....
#......#.# #.....
#......'.# ##....
#......######....
#......##........


You could see Sigmund (inner flame), Robin (inner flame) and 5 goblins.

Vanquished Creatures
  An orc priest (D:3)
  An orc wizard (D:3)
  Ijyb (D:2)
  An adder (D:2)
  An ooze (D:3)
  3 worms
  3 dart slugs (D:2)
  3 leopard geckos
  5 orcs
  A ball python (D:3)
  2 giant cockroaches
  8 goblins
  6 hobgoblins
  5 jackals (D:3)
  A quokka (D:3)
  11 bats
  A frilled lizard (D:2)
  6 kobolds
  8 rats
68 creatures vanquished.

Vanquished Creatures (others)
  An orc priest (D:3)
  An orc (D:3)
2 creatures vanquished.

Grand Total: 70 creatures vanquished

Notes
Turn   | Place    | Note
-------+----------+-------------------------------------------
     0 | D:1      | Darkshadow the Hill Orc Monk began the quest for the Orb.
     0 | D:1      | Reached XP level 1. HP: 19/19 MP: 1/1
   820 | D:1      | Reached XP level 2. HP: 9/27 MP: 2/2
  1178 | D:2      | Reached skill level 5 in Axes
  1178 | D:2      | Reached XP level 3. HP: 29/33 MP: 3/3
  1984 | D:3      | Became a worshipper of Beogh the Brigand
  1984 | D:3      | Reached * piety under Beogh
  1984 | D:3      | Reached ** piety under Beogh
  1992 | D:3      | Reached XP level 4. HP: 40/41 MP: 4/4
  2335 | D:3      | Reached skill level 6 in Axes
  2629 | D:3      | Reached XP level 5. HP: 20/47 MP: 5/5
  2886 | D:3      | Noticed Ijyb
  2888 | D:3      | Noticed Sigmund
  2930 | D:2      | Killed Ijyb
  2930 | D:2      | Reached skill level 5 in Fighting
  3496 | D:3      | Noticed Robin
  3506 | D:3      | HP: 1/48 [Sigmund/scythe (10)]
  3508 | D:3      | Killed from afar by a hobgoblin

Vault maps used:
D:1:      co_arrival_random_square_maze
D:2:      first_ration, kennysheep_generic_room_7
D:3:      kennysheep_six_static_rooms, uniq_robin, uniq_sigmund, uniq_ijyb

Skill      XL: |  1  2  3  4  5 |
---------------+----------------+-----
Fighting       | 4 5 |  5.1
Axes           | 5 6 |  6.9
Dodging        | |  2.4
Stealth        | |  1.6

Action                   |  1- 3 |  4- 6 || total
-------------------------+-------+-------++-------
Melee: Hand axe          |   140 |   151 ||   291
Invok: Convert to Beogh  |     1 |       ||     1
       Smiting           |       |     1 ||     1
Evoke: Wand              |       |     2 ||     2
  Use: Scroll            |       |     5 ||     5
       Potion            |       |     1 ||     1
 Stab: Sleeping          |     2 |       ||     2
  Eat: Chunk             |     2 |     2 ||     4
       Ration            |       |     1 ||     1
Armor: Chain mail        |   100 |   110 ||   210
       Robe              |     3 |       ||     3
Dodge: Dodged            |    78 |    63 ||   141

Table legend:
 A = Spawn XP
 B = Non-spawn XP
 C = Spawn XP percentage of total XP
 D = Spawn monster count
 E = Non-spawn monster count
 F = Spawn count percentage of total count
 G = Total turns spent on level
                    A         B        C        D         E        F      G
               +---------+---------+-------+---------+---------+-------+---------
         Total |       0 |     242 |   0.0 |       0 |      68 |   0.0 |  3508
               +---------+---------+-------+---------+---------+-------+---------
           D:1 |       0 |      16 |   0.0 |       0 |       7 |   0.0 |  1029
           D:2 |       0 |      99 |   0.0 |       0 |      25 |   0.0 |  1126
           D:3 |       0 |     127 |   0.0 |       0 |      36 |   0.0 |  1353
               +---------+---------+-------+---------+---------+-------+---------
